 Dungeon Crawl Stone Soup version 0.31-a0-210-gccc998df9b (webtiles) character file.

Game seed: 13736308559020247619

6621 kae the Transmogrifier (level 10, -2/78 HPs)
             Began as a Demonspawn Transmuter on June 30, 2023.
             Was a Priest of Ru.
             Slain by a death knight
             ... wielding a +0 battleaxe
              (5 damage)
             ... on level 9 of the Dungeon.
             The game lasted 00:12:45 (9894 turns).

kae the Transmogrifier (Demonspawn Transmuter)      Turns: 9894, Time: 00:12:46

Health: -2/78      AC: 10    Str: 16    XL:     10   Next: 72%
Magic:  0/16       EV: 10    Int: 23    God:    Ru [***...]
Gold:   520        SH:  4    Dex: 14    Spells: 7/17 levels left

rFire   x .          .
                       - Unarmed
rCold   + + +        (shield currently unavailable)
rNeg    . . .        a - melded +1 robe
rPois   +            (helmet currently unavailable)
rElec   .            (cloak currently unavailable)
rCorr   .            (gloves currently unavailable)
SInv    .            h - melded +2 pair of boots
Will    .....        A - amulet of the acrobat
Stlth   +            Z - ring of wizardry
HPRegen 0.33/turn    S - +6 ring of strength
MPRegen 0.30/turn

%: acrobat, guardian spirit, wizardry (x1)
@: ice-form, wereblooded, unable to drink
A: freezing attack, amphibious, boosted hp, large, (claws 1), magic shield,
magic regeneration, inability to drink after injury 2, inability to use devices,
big brain 2, condensation shield
a: End Transformation, Renounce Religion, Draw Out Power


You were on level 9 of the Dungeon.
You worshipped Ru.
Ru was most pleased with you.
You were a creature of crystalline ice.
You visited 2 branches of the dungeon, and saw 10 of its levels.
You also visited: Bailey.

You collected 563 gold pieces.
You spent 43 gold pieces at shops.


Innate Abilities, Weirdness & Mutations

You are a creature of crystalline ice.
You have a powerful freezing melee attack.
You are amphibious.
Your maximum health is increased.
Your armour is entirely melded.
You are incapable of wielding weapons or throwing items.
((You have sharp fingernails.))
When hurt, damage is shared between your health and your magic reserves.
You regenerate magic rapidly.
You sometimes lose the ability to drink potions when taking damage.
You cannot study or use magical devices.
You have an extremely huge brain. (Int +4)
A meltable shield of frost defends you. (SH +4)


   Skills:
 - Level 1.0 Fighting
 - Level 1.7 Dodging
 + Level 8.1 Unarmed Combat
 - Level 4.0 Spellcasting
 * Level 10.9 Transmutations
 - Level 6.0 Ice Magic
 - Level 2.0 Poison Magic


You had 7 spell levels left.
You knew the following spells:

 Your Spells              Type           Power      Damage    Failure   Level
a - Beastly Appendage     Tmut           100%       N/A       1%          1
b - Wereblood             Tmut           53%        N/A       1%          2
c - Spider Form           Tmut/Pois      34%        N/A       1%          3
d - Ice Form              Ice/Tmut       43%        N/A       1%          4

Your spell library contained the following spells:

 Spells                   Type           Power      Damage    Failure   Level
 Freeze                   Ice            100%       1d10      1%          1
 Ensorcelled Hibernation  Hex/Ice        36%        N/A       1%          2
 Passwall                 Tmut/Erth      24%        N/A       1%          2
 Frozen Ramparts          Ice            64%        1d10      1%          3
 Hailstorm                Conj/Ice       18%        3d6       3%          3
 Sandblast                Erth           8%         2d5       4%          1
 Slow                     Hex            16%        N/A       4%          1
 Lesser Beckoning         Tloc           8%         N/A       6%          2
 Confusing Touch          Hex            4%         N/A       12%         3
 Gell's Gravitas          Tloc           4%         N/A       12%         3
 Stone Arrow              Conj/Erth      8%         3d7       12%         3
 Teleport Other           Tloc           4%         N/A       12%         3
 Vampiric Draining        Necr           4%         2d6       12%         3
 Anguish                  Hex/Necr       2%         N/A       38%         4
 Eringya's Noxious Bog    Tmut/Pois      17%        N/A       41%         6
 Fireball                 Conj/Fire      2%         3d4       71%         5
 Iskenderun's Battlesphe  Conj           4%         2d6       71%         5
 Summon Forest            Summ/Tloc      2%         N/A       71%         5
 Conjure Ball Lightning   Conj/Air       2%         3x3d6     99%         6
 Orb of Destruction       Conj           2%         9d5       100%        7
 Summon Hydra             Summ           2%         N/A       100%        7

Inventory:

Missiles
 c - 13 poisoned darts
 d - 80 stones
 f - 9 boomerangs
 j - a throwing net {=f!f}
 o - 6 javelins
 F - a curare-tipped dart {=f}
Armour
 a - a +1 robe (melded)
 h - a +2 pair of boots (melded)
   (You found it on level 2 of the Dungeon)
 C - a +1 cloak of stealth
   (You found it in a bailey)
Magical Staves
 i - a staff of conjuration {!a}
   (You found it on level 2 of the Dungeon)
 p - a staff of air {!a}
   (You found it on level 4 of the Dungeon)
 v - a staff of air {!a}
   (You took it off an orc wizard on level 5 of the Dungeon)
Jewellery
 A - an amulet of the acrobat (around neck)
   (You took it off a goblin on level 3 of the Dungeon)
 S - a +6 ring of strength (right front paw)
   (You found it on level 7 of the Dungeon)
 Z - a ring of wizardry (left front paw)
   (You found it on level 5 of the Dungeon)
Wands
 l - a wand of flame (35)
   (You took it off Ijyb on level 5 of the Dungeon)
 y - a wand of roots (6)
   (You took it off Pikel on level 7 of the Dungeon)
 D - a wand of light (8)
   (You found it on level 8 of the Dungeon)
 G - a wand of charming (2)
   (You found it on level 9 of the Dungeon)
Scrolls
 q - 3 scrolls of identify {@r1}
 s - a scroll of blinking {!r}
 t - a scroll of teleportation {@r4}
 u - a scroll of immolation {!r!r}
 x - 5 scrolls of enchant weapon
Potions
 b - 2 potions of lignification {!q}
 e - a potion of resistance
 g - a potion of ambrosia
 k - 3 potions of mutation {!q}
 m - 4 potions of curing {@q1}
 n - 2 potions of attraction {!q}
 r - 3 potions of heal wounds {@q2}
 w - a potion of magic
 z - a potion of berserk rage {!q}
 B - a potion of might
 E - 2 potions of degeneration {!q}
Miscellaneous
 H - a phial of floods
   (You found it on level 9 of the Dungeon)

Dungeon Overview and Level Annotations

Branches:
Dungeon (9/15) Zot: 26173  Temple (1/1) D:5 Zot: 5962  Bailey (visited)
   Lair: D:8-11         Orc: D:9-12

Altars:
Ashenzari
Dithmenos
Fedhas
Hepliaklqana
Kikubaaqudgha
Makhleb
Nemelex Xobeh
Okawaru
Qazlal
Ru
Sif Muna
Wu Jian
Yredelemnul

Shops:
D:5 [   D:6 *

Annotations:
D:9 exclusion: door

#...##'''###+#.. ...
#p..#.....# #.# ...
#...#.....+ #.# #..
#...####### #.# #..
#.......# #.# #..
#.......# #.# #..
#.......######..
#..##Wy.........)...
#..YpyW.............
#.###W.............#
# #..............#
#..............#
#..............#
#..............#
#...............
#...............
..............


You could see a death knight (reflects damage), a phantasmal warrior, 2 freezing
wraiths and 2 killer bees.


Message History

You lost 4 mp, and now have 12/16 mp.
Casting: Ice Form (dangerous; 1% risk of failure)
Confirm with . or Enter, or press ? or * to list all spells.
Your blood is infused with primal strength.
The killer bee buzzes angrily.
You hear a shout!
A killer bee comes into view.
A death knight comes into view. It is wielding a +0 battleaxe.
A killer bee comes into view.
The killer bee buzzes angrily. x2 😎 MP[-1]
You lost 1 mp, and now have 11/16 mp.
You barely miss the killer bee. The killer bee stings you!
The killer bee stings you. 😕 HP[-11] MP[-2]
You take 11 damage, and now have 67/78 hp.
You lost 2 mp, and now have 9/16 mp.
You punch the killer bee! You freeze the killer bee.
You feel a bit better.
You kill the killer bee! 😕 HP[+2]
You regained 2 hp, and now have 69/78 hp. 😕 HP[+1] MP[+1]
The killer bee attacks as you move away!
The killer bee completely misses you. x2
The killer bee completely misses you. The killer bee stings you. 😕 MP[+1]
The killer bee attacks as you move away!
You block the killer bee's attack. x2
You closely miss the killer bee. The killer bee stings you.
The killer bee barely misses you. 😕 HP[-3] MP[-1]
You take 3 damage, and now have 67/78 hp.
You lost 1 mp, and now have 10/16 mp.
You closely miss the killer bee. You block the killer bee's attack.
The killer bee stings you. 😕 HP[-4]
You take 4 damage, and now have 63/78 hp.
You hit the killer bee. You freeze the killer bee.
The killer bee closely misses you. 😕 MP[+1]
You hit the killer bee. You freeze the killer bee.
The killer bee is stunned by your conviction and fails to attack.
You block the killer bee's attack.
You pummel the killer bee!! You freeze the killer bee!
You feel a bit better.
You kill the killer bee!
The killer bee stings you but does no damage. 😕 HP[+2]
You regained 2 hp, and now have 65/78 hp.
You hit the killer bee. You freeze the killer bee.
You howl as the wereblood boils in your veins!
The killer bee stings you. 😕 MP[-1]
You lost 1 mp, and now have 10/16 mp.
You barely miss the killer bee. The killer bee stings you!
The death knight offers itself to Yredelemnul, and fills with unholy energy.
You block the killer bee's attack. 😕 HP[-6]
You take 6 damage, and now have 59/78 hp.
You hit the killer bee. You freeze the killer bee.
The killer bee stings you but does no damage.
You redirect the death knight's attack!
Unknown command.
You punch the death knight! You freeze the death knight.
The death knight reflects your damage back at you!
You feel threatened and lose the ability to drink potions!
A freezing wraith comes into view. 😮 HP[-7] MP[-2]
You take 7 damage, and now have 52/78 hp.
You lost 2 mp, and now have 8/16 mp.
You hit the death knight but do no damage.
You block the death knight's attack.
Unknown command.
You pummel the death knight!! You freeze the death knight.
The death knight reflects your damage back at you!
* * * LOW HITPOINT WARNING * * *
The death knight hits you with a +0 battleaxe!
* * * LOW HITPOINT WARNING * * *
😨 HP[-24] MP[-3]
You take 24 damage, and now have 28/78 hp.
MASSIVE DAMAGE!! (PAUSE)
You lost 3 mp, and now have 5/16 mp.
You hit the death knight. You freeze the death knight.
The death knight reflects your damage back at you!
* * * LOW HITPOINT WARNING * * *
You howl as the wereblood boils in your veins! 😨 HP[-3]
You take 3 damage, and now have 25/78 hp.
Unknown command.
You barely miss the death knight.
You redirect the death knight's attack!
The death knight hits you with a +0 battleaxe!
* * * LOW HITPOINT WARNING * * *
A phantasmal warrior comes into view. 😱 HP[-12] MP[-2]
You take 12 damage, and now have 13/78 hp.
You lost 2 mp, and now have 3/16 mp.
You punch the death knight! You freeze the death knight.
The death knight reflects your damage back at you!
* * * LOW HITPOINT WARNING * * *
The death knight hits you with a +0 battleaxe.
You die...

Skill      XL: |  1  2  3  4  5  6  7  8  9 10 |
---------------+-------------------------------+-----
Transmutations | 2 3 4 5 7 9 10 | 10.9
Unarmed Combat | 3 4 5 6 8 |  8.1
Poison Magic   | 1 2 |  2.0
Spellcasting   | 3 4 |  4.0
Ice Magic      | 1 3 5 6 |  6.0
Fighting       | |  1.0
Dodging        | |  1.7

Action                     |  1- 3 |  4- 6 |  7- 9 | 10-12 || total
---------------------------+-------+-------+-------+-------++-------
  Melee: Unarmed           |   111 |    69 |   314 |   102 ||   596
         Kick              |    25 |     9 |       |       ||    34
         Headbutt          |     6 |     1 |       |       ||     7
         Punch             |     1 |     1 |     1 |       ||     3
   Cast: Beastly Appendage |    31 |     8 |       |       ||    39
         Wereblood         |     1 |     2 |    10 |     5 ||    18
         Spider Form       |       |     8 |    13 |       ||    21
         Ice Form          |       |     1 |    27 |     8 ||    36
 Invoke: Sacrifice Drink   |       |       |     1 |       ||     1
         Sacrifice Artific |       |       |       |     1 ||     1
  Evoke: Wand              |       |       |     3 |       ||     3
    Use: Scroll            |     2 |     6 |    11 |       ||    19
         Potion            |     1 |       |     1 |       ||     2
 Armour: Robe              |    24 |     4 |     1 |       ||    29
         Skin              |       |     2 |    58 |    15 ||    75
  Dodge: Dodged            |    58 |    60 |   180 |    37 ||   335
  Block: Other             |       |     6 |    38 |    13 ||    57

Levels and vault maps discovered:
D:1:      dpeg_arrival_rooms_a, layout_loops_ring, basic_ecumenical_altar,
          nrook_mini_vaults
D:2:      layout_basic
D:3:      minmay_skewed_foursquare, layout_basic, nicolae_wu_jian_wuxing_cycle,
          kennysheep_generic_room_8
D:4:      layout_gridville, gammafunk_temple_overflow_forgotten, uniq_duvessa,
          uniq_eustachio
D:5:      minmay_angry_zag, layout_loops_ring,
          minmay_temple_entry_enclosed_plants, serial_shops,
          nicolae_shop_back_alley_shop, uniq_ijyb, uniq_blork_the_orc
D:6:      layout_cave_pools, nicolae_hepliaklqana_hippocampus,
          lemuel_tele_altar, serial_shops, shop, uniq_menkaure
D:7:      layout_basic, nicolae_elyvilon_peaceful_grove, uniq_pikel
D:8:      layout_gridville, enter_bailey_3, uniq_grum
D:9:      layout_long_grid, cheibriados_altar_1, roderic_malta_cross,
          hangedman_ranch
Temple:   chequers_temple_sunken

Notes
Turn   | Place    | Note
-------+----------+-------------------------------------------
     0 | D:1      | kae the Demonspawn Transmuter began the quest for the Orb.
     0 | D:1      | Reached XP level 1. HP: 15/15 MP: 3/3
     0 | D:1      | magus.rc [v1.11.3]
   107 | D:1      | HP: 3/15 [goblin/+0 club (3)]
   109 | D:1      | HP: 1/15 [goblin/+0 club (3)]
   117 | D:1      | Reached skill level 2 in Transmutations
   174 | D:1      | Gained mutation: You regenerate magic rapidly. [demonic
                  | ancestry]
   174 | D:1      | Reached XP level 2. HP: 15/21 MP: 1/5
   236 | D:1      | Learned a level 2 spell: Wereblood
   377 | D:1      | You pick up a book of Debilitation and begin reading...
   377 | D:1      | You add the spells Slow, Vampiric Draining and Confusing
                  | Touch to your library.
   415 | D:1      | Found a faded altar of an unknown god.
   983 | D:2      | Reached skill level 3 in Unarmed Combat
   983 | D:2      | Reached XP level 3. HP: 10/26 MP: 6/6
  1078 | D:2      | Learned a level 3 spell: Spider Form
  1107 | D:2      | You pick up a book of Displacement and begin reading...
  1107 | D:2      | You add the spells Lesser Beckoning, Gell's Gravitas and
                  | Teleport Other to your library.
  1609 | D:2      | Reached skill level 1 in Poison Magic
  1925 | D:3      | Reached skill level 3 in Transmutations
  1925 | D:3      | Reached XP level 4. HP: 17/32 MP: 5/7
  1937 | D:3      | Found an ornate altar of the Wu Jian Council.
  1954 | D:3      | You pick up a book of Geomancy and begin reading...
  1954 | D:3      | You add the spells Sandblast, Passwall and Stone Arrow to
                  | your library.
  2223 | D:3      | Gained mutation: A meltable shield of frost defends you.
                  | (SH +4) [demonic ancestry]
  2223 | D:3      | Reached XP level 5. HP: 37/37 MP: 4/9
  2468 | D:3      | You fall into a shaft and drop 3 floors!
  2472 | D:6      | Noticed a sky beast
  2487 | D:6      | Killed a sky beast
  2488 | D:6      | Reached skill level 3 in Spellcasting
  2488 | D:6      | Reached skill level 2 in Poison Magic
  2586 | D:6      | HP: 9/37 [ufetubus (2)]
  2724 | D:6      | Noticed a black bear
  2739 | D:6      | Killed a black bear
  2740 | D:6      | Reached skill level 4 in Transmutations
  2740 | D:6      | Gained mutation: When hurt, damage is shared between your
                  | health and your magic reserves. [demonic ancestry]
  2740 | D:6      | Reached XP level 6. HP: 41/43 MP: 8/10
  2760 | D:6      | Learned a level 4 spell: Ice Form
  2788 | D:5      | Entered Level 5 of the Dungeon
  2858 | D:6      | Found a hazy altar of Hepliaklqana.
  2993 | D:6      | Reached skill level 4 in Unarmed Combat
  2993 | D:6      | Reached skill level 1 in Ice Magic
  3092 | D:6      | Noticed Menkaure
  3242 | D:5      | Noticed a water moccasin
  3250 | D:5      | Killed a water moccasin
  3251 | D:5      | Gained mutation: You have sharp fingernails. [demonic
                  | ancestry]
  3251 | D:5      | Reached XP level 7. HP: 48/48 MP: 7/12
  3273 | D:5      | Noticed Ijyb
  3281 | D:5      | Killed Ijyb
  3282 | D:5      | Reached skill level 2 in Ice Magic
  3435 | D:4      | Reached skill level 5 in Transmutations
  3602 | D:4      | Noticed Eustachio
  3621 | D:4      | Killed Eustachio
  3648 | D:4      | Found a sparkling altar of Nemelex Xobeh.
  3649 | D:4      | Found a basalt altar of Yredelemnul.
  4198 | D:4      | Reached skill level 4 in Spellcasting
  4350 | D:4      | You pick up a book of Frost and begin reading...
  4350 | D:4      | You add the spells Freeze, Frozen Ramparts and Hailstorm to
                  | your library.
  4486 | D:4      | Noticed Dowan
  4488 | D:4      | Noticed Duvessa
  4528 | D:4      | Killed Duvessa
  4529 | D:4      | Reached skill level 3 in Ice Magic
  4531 | D:4      | HP: 7/48 [Dowan/+5 dagger of electrocution (14)]
  4535 | D:4      | Killed Dowan
  4536 | D:4      | Gained mutation: You have an unusually large brain. (Int
                  | +2) [demonic ancestry]
  4536 | D:4      | Reached XP level 8. HP: 26/54 MP: 3/14
  4844 | D:5      | Noticed Blork the orc
  4865 | D:5      | Killed Blork the orc
  4866 | D:5      | Reached skill level 6 in Transmutations
  4866 | D:5      | Reached skill level 4 in Ice Magic
  5217 | D:5      | Reached skill level 5 in Unarmed Combat
  5273 | D:5      | Found Esoneg's Armour Boutique.
  5388 | D:5      | You pick up a book of Dreams and begin reading...
  5388 | D:5      | You add the spells Ensorcelled Hibernation and Anguish to
                  | your library.
  5389 | D:5      | Found a staircase to the Ecumenical Temple.
  5814 | Temple   | Entered the Ecumenical Temple
  5834 | Temple   | Became a worshipper of Ru the Awakened
  5890 | D:6      | Reached skill level 5 in Ice Magic
  5891 | D:6      | Killed Menkaure
  6101 | D:6      | Found Pesoicsu's Assorted Antiques.
  6117 | D:6      | Bought a fuming green potion for 13 gold pieces
  6117 | D:6      | Bought a scroll of identify for 30 gold pieces
  6145 | D:6      | Found an ancient bone altar of Kikubaaqudgha.
  6267 | D:7      | Reached skill level 7 in Transmutations
  6370 | D:7      | Gained mutation: You have an extremely huge brain. (Int +4)
                  | [demonic ancestry]
  6370 | D:7      | Reached XP level 9. HP: 59/59 MP: 11/15
  6470 | D:7      | Noticed Pikel
  6494 | D:7      | Killed Pikel
  6664 | D:7      | You pick up a book of the Spheres and begin reading...
  6664 | D:7      | You add the spells Iskenderun's Battlesphere, Fireball,
                  | Conjure Ball Lightning and Orb of Destruction to your
                  | library.
  6811 | D:7      | Reached skill level 6 in Ice Magic
  7365 | D:8      | Found a flagged portal.
  7375 | D:8      | Gained mutation: You occasionally lose the ability to drink
                  | potions when taking damage. [Ru sacrifice]
  7375 | D:8      | Gained mutation: You sometimes lose the ability to drink
                  | potions when taking damage. [Ru sacrifice]
  7375 | D:8      | Reached * piety under Ru
  7377 | Bailey   | Entered a bailey
  7529 | Bailey   | Noticed an orc knight
  7562 | Bailey   | Reached skill level 6 in Unarmed Combat
  7562 | Bailey   | Reached skill level 8 in Transmutations
  7707 | Bailey   | Identified the +2 scale mail of the Dice {Harm Drain
                  | Slay+4}
  8085 | D:8      | Noticed Grum
  8110 | D:8      | Reached skill level 9 in Transmutations
  8136 | D:8      | Killed Grum
  8426 | D:8      | Reached XP level 10. HP: 65/65 MP: 13/16
  8522 | D:8      | You add the spells Summon Forest, Eringya's Noxious Bog and
                  | Summon Hydra to your library.
  9084 | D:9      | Reached skill level 7 in Unarmed Combat
  9165 | D:9      | Reached skill level 10 in Transmutations
  9591 | D:9      | Gained mutation: You cannot study or use magical devices.
                  | [Ru sacrifice]
  9591 | D:9      | Reached ** piety under Ru
  9591 | D:9      | Reached *** piety under Ru
  9791 | D:9      | Noticed a skeletal warrior
  9814 | D:9      | Killed a skeletal warrior
  9815 | D:9      | Reached skill level 8 in Unarmed Combat
  9872 | D:9      | Noticed a death knight
  9893 | D:9      | HP: 13/78 [death knight/+0 battleaxe (13)]
  9894 | D:9      | Noticed a phantasmal warrior
  9894 | D:9      | HP: 3/78 [mirror damage (10)]
  9894 | D:9      | Slain by a death knight

Vanquished Creatures
  A skeletal warrior (D:9)
  Pikel (D:7)
  A troll (D:9)
  2 dream sheep (D:9)
  A wyvern (D:7)
  Eustachio (D:4)
  8 yaks (D:9)
  Grum (D:8)
  A steam dragon (D:8)
  Menkaure (D:6)
  A water moccasin (D:5)
  Duvessa (D:4)
  3 sky beasts
  5 orc warriors (Bailey)
  2 ogres
  2 black bears
  3 wolves (D:8)
  A centaur (D:8)
  A lemure (D:7)
  Blork the orc (D:5)
  2 kobold brigands (D:9)
  A bullfrog (D:6)
  3 scorpions (D:5)
  Dowan (D:4)
  8 killer bees (D:9)
  3 jellies
  2 hounds
  11 orc priests
  A sleepcap (D:5)
  Ijyb (D:5)
  An iguana (D:5)
  4 orc wizards
  3 adders (D:2)
  4 gnolls
  A white imp (D:5)
  2 ufetubi
  3 worms
  5 dart slugs
  43 orcs
  2 bats
  5 endoplasms
  2 giant cockroaches
  9 goblins
  5 hobgoblins
  11 kobolds
  2 quokkas
  6 ball pythons
  6 frilled lizards
  8 rats
193 creatures vanquished.

Vanquished Creatures (others)
  An orc warrior (D:8)
1 creature vanquished.

Grand Total: 194 creatures vanquished

Table legend:
 A = Non-vault XP
 B = Vault XP
 C = Vault XP percentage of total XP
 D = Non-vault monster count
 E = Vault monster count
 F = Vault count percentage of total count
                 A         B        C        D         E       F
            +---------+---------+-------+---------+---------+-------
      Total |    5987 |    3472 |  36.7 |     143 |      50 |  25.9
            +---------+---------+-------+---------+---------+-------
        D:1 |      30 |       0 |   0.0 |      18 |       0 |   0.0
        D:2 |      73 |       0 |   0.0 |      15 |       0 |   0.0
        D:3 |     116 |      10 |   7.9 |      22 |       7 |  24.1
        D:4 |     191 |     408 |  68.1 |       9 |       3 |  25.0
        D:5 |     811 |     307 |  27.5 |      20 |       7 |  25.9
        D:6 |     545 |     172 |  24.0 |      11 |       1 |   8.3
        D:7 |     446 |     641 |  59.0 |      10 |       1 |   9.1
        D:8 |     733 |     542 |  42.5 |      20 |       8 |  28.6
        D:9 |    3042 |     690 |  18.5 |      18 |       4 |  18.2
     Bailey |       0 |     702 | 100.0 |       0 |      19 | 100.0
            +---------+---------+-------+---------+---------+-------

Skill      XL: |  1  2  3  4  5  6  7  8  9 10 |
---------------+-------------------------------+-----
Transmutations | 2 3 4 5 7 9 10 | 10.9
Unarmed Combat | 3 4 5 6 8 |  8.1
Poison Magic   | 1 2 |  2.0
Spellcasting   | 3 4 |  4.0
Ice Magic      | 1 3 5 6 |  6.0
Fighting       | |  1.0
Dodging        | |  1.7

Action                     |  1- 3 |  4- 6 |  7- 9 | 10-12 || total
---------------------------+-------+-------+-------+-------++-------
  Melee: Unarmed           |   111 |    69 |   314 |   102 ||   596
         Kick              |    25 |     9 |       |       ||    34
         Headbutt          |     6 |     1 |       |       ||     7
         Punch             |     1 |     1 |     1 |       ||     3
   Cast: Beastly Appendage |    31 |     8 |       |       ||    39
         Wereblood         |     1 |     2 |    10 |     5 ||    18
         Spider Form       |       |     8 |    13 |       ||    21
         Ice Form          |       |     1 |    27 |     8 ||    36
 Invoke: Sacrifice Drink   |       |       |     1 |       ||     1
         Sacrifice Artific |       |       |       |     1 ||     1
  Evoke: Wand              |       |       |     3 |       ||     3
    Use: Scroll            |     2 |     6 |    11 |       ||    19
         Potion            |     1 |       |     1 |       ||     2
 Armour: Robe              |    24 |     4 |     1 |       ||    29
         Skin              |       |     2 |    58 |    15 ||    75
  Dodge: Dodged            |    58 |    60 |   180 |    37 ||   335
  Block: Other             |       |     6 |    38 |    13 ||    57

Illustrated notes

Table legend:
 A = Kills in this place as a percentage of kills in the entire game.
 B = Kills by you in this place as a percentage of kills by you in the entire game.
 C = Kills by friends in this place as a percentage of kills by friends in the entire game.
 D = Other kills in this place as a percentage of other kills in the entire game.
 E = Experience gained in this place as a percentage of experience gained in the entire game.
 F = Experience gained in this place divided by the number of levels of this place that you have seen.
                   A       B       C       D       E      F
               +-------+-------+-------+-------+-------+----------------------
         Total | 100.0 | 100.0 |   N/A | 100.0 | 100.0 | 859.9
       Dungeon |  90.2 |  90.1 |   N/A | 100.0 |  92.6 | 973.0
        Bailey |   9.8 |   9.9 |   N/A |   0.0 |   7.4 | 702.0
               +-------+-------+-------+-------+-------+----------------------

Table legend: (Time is in decaauts)
 A = Elapsed time spent in this place.
 B = Non-inter-level travel time spent in this place.
 C = Inter-level travel time spent in this place.
 D = Time resting spent in this place.
 E = Time spent auto-exploring this place.
 F = Levels seen in this place.
 G = Mean time per level.
                   A        B        C        D        E       F      G
               +--------+--------+--------+--------+--------+-----+--------+
         Total |   9853 |   9326 |    527 |    215 |   7259 |  11 |  895.7 |
       Dungeon |   9426 |   8910 |    516 |    200 |   7177 |   9 | 1047.3 |
        Temple |     37 |     26 |     11 |      0 |      0 |   1 |   37.0 |
        Bailey |    389 |    389 |      0 |     15 |     82 |   1 |  389.0 |
               +--------+--------+--------+--------+--------+-----+--------+

Top non-repeatable levels by time:
     D:8: 1347 daAuts
     D:5: 1269 daAuts
     D:7: 1101 daAuts
     D:6: 1088 daAuts
     D:1: 1048 daAuts
     D:4: 1016 daAuts
     D:2: 983 daAuts
     D:9: 825 daAuts
     D:3: 745 daAuts
  Bailey: 389 daAuts
  Temple: 37 daAuts
